 Dungeon Crawl Stone Soup version 0.29.0-4-gdea44cf6ec (webtiles) character file.

Game seed: 11519912294018286084

32 qw the Chopper (level 3, 0/31 HPs)
             Began as a Minotaur Berserker on Sept 7, 2022.
             Was a Follower of Trog.
             Succumbed to their own poison gas
             ... on level 1 of the Dungeon.
             The game lasted 00:00:21 (1175 turns).

qw the Chopper (Minotaur Berserker)                 Turns: 1175, Time: 00:00:21

Health: 0/31       AC:  6    Str: 23    XL:     3   Next: 10%
Magic:  2/2        EV: 10    Int:  4    God:    Trog [*.....]
Gold:   61         SH:  0    Dex:  9    Spells: 2/2 levels left

rFire   . . .      SeeInvis .   Y - +0 hand axe
rCold   . . .      Faith    .   (no shield)
rNeg    . . .      Spirit   .   k - +0 scale mail
rPois   .          Reflect  .   (helmet restricted)
rElec   .          Harm     .   (no cloak)
rCorr   .          Rampage  .   (no gloves)
Will    .....                   (no boots)
Stlth   ..........              (no amulet)
HPRegen 0.10/turn               (no ring)
MPRegen 0.08/turn               (no ring)

@: lethally poisoned (0 -> -2)
A: horns 2, retaliatory headbutt
a: Renounce Religion, Berserk


You were on level 1 of the Dungeon.
You worshipped Trog.
Trog was aware of your devotion.
You visited 1 branch of the dungeon, and saw 1 of its levels.

You collected 61 gold pieces.


Innate Abilities, Weirdness & Mutations

You have a pair of horns on your head.
You reflexively headbutt those who attack you in melee.


   Skills:
 - Level 3.6 Fighting
 + Level 5.2 Axes
 - Level 2.4 Armour
 - Level 2.1 Dodging


You had 2 spell levels left.
You didn't know any spells.
Your spell library was empty.

Inventory:

Hand Weapons
 j - a +0 flail
 Y - a +0 hand axe (weapon)
Armour
 k - a +0 scale mail (worn)
Potions
 f - a potion of berserk rage {unknown}
 h - a potion of haste {unknown}

Dungeon Overview and Level Annotations

Branches:
Dungeon (1/15)

Altars:


Message History

It was a scroll of poison.
Done exploring.
1164 ||| READING scroll labelled RAELIR VIXUOGRU.
Blink to where?
Press: ? - help, Dir - move target, f - you Are you sure you want to cancel this blink?
As you read the scroll labelled RAELIR VIXUOGRU, it crumbles to dust.
It was a scroll of blinking.
Done exploring.
(D) Dungeon
Where to? (* - list waypoints, ? - help)
What level of the Dungeon? (default 1, ? - help) Sorry, I don't know how to get there.
Done exploring.
1165 ||| Stepping randomly (stuck).
Really walk into that cloud of poison gas?
You are engulfed in poison gas.
You are poisoned.
You feel very sick.
1166 ||| Stepping ~*~*~tactically~*~*~ (cloud).
You feel very sick.
Things that are here:
a +0 ring mail; a +0 animal skin
There is a lethal amount of poison in your body!
You feel very sick.
There is a lethal amount of poison in your body!
You feel very sick.
There is a lethal amount of poison in your body!
You feel sick.
There is a lethal amount of poison in your body!
You feel sick.
There is a lethal amount of poison in your body!
You feel sick.
There is a lethal amount of poison in your body!
You feel sick.
There is a lethal amount of poison in your body!
You feel sick.
There is a lethal amount of poison in your body!
You feel sick.
There is a lethal amount of poison in your body!
You die...

#.# #.............#
#.####.###########.#
#.##.....# #.#
#####.##.#.#.##### #.#
.......#.#.....00# #.#
########.#...###0# #.#
.....#.........#0# #.#
.###.#.#.#...#.#0# #.#
...............#@### #.#
..........¤¤¤¤¤¤..0###.#
.........¤0¤¤¤00.¤.0¤..#
.##.....######¤##############
..............¤.............#
.##.........##.###########.##
.#..........#..# #.#
.#............## #.#
.#..........### #.#


There were no monsters in sight!

Vanquished Creatures
  A gnoll (D:1)
  2 ball pythons (D:1)
  2 endoplasms (D:1)
  2 giant cockroaches (D:1)
  3 goblins (D:1)
  A hobgoblin (D:1)
  2 jackals (D:1)
  2 kobolds (D:1)
  A quokka (D:1)
  3 bats (D:1)
  2 rats (D:1)
21 creatures vanquished.

Notes
Turn   | Place    | Note
-------+----------+-------------------------------------------
     0 | D:1      | qw the Minotaur Berserker began the quest for the Orb.
     0 | D:1      | Reached XP level 1. HP: 19/19 MP: 0/0
     0 | D:1      | 0 ||| qw: Version: 0.1-a-108-g9e35731
     0 | D:1      | 0 ||| qw: Game counter: 6531
     0 | D:1      | 0 ||| qw: Always use a shield: true
     0 | D:1      | 0 ||| qw: Do Orc after D:15 true
     0 | D:1      | 0 ||| qw: Do second Lair branch before Depths: true
     0 | D:1      | 0 ||| qw: Lair rune preference: random
     0 | D:1      | 0 ||| qw: Plans: Normal
     0 | D:1      | 0 ||| PLANNING D:1-11
    53 | D:1      | Reached skill level 4 in Axes
    72 | D:1      | Found a faded altar of an unknown god.
   210 | D:1      | Reached XP level 2. HP: 25/26 MP: 1/1
   586 | D:1      | 586 ||| Stepping ~*~*~tactically~*~*~ (stealth).
   587 | D:1      | 587 ||| Stepping ~*~*~tactically~*~*~ (stealth).
   589 | D:1      | 589 ||| INVOKING Berserk.
   593 | D:1      | Reached skill level 5 in Axes
   734 | D:1      | Reached XP level 3. HP: 31/31 MP: 2/2
   734 | D:1      | 734 ||| DROPPING +0 club.
   843 | D:1      | 843 ||| Stepping ~*~*~tactically~*~*~ (stealth).
   845 | D:1      | 845 ||| Stepping ~*~*~tactically~*~*~ (stealth).
  1140 | D:1      | 1140 ||| UPGRADING to +0 ring mail.
  1150 | D:1      | 1150 ||| DROPPING +0 animal skin.
  1151 | D:1      | 1151 ||| UPGRADING to +0 scale mail.
  1161 | D:1      | 1161 ||| DROPPING +0 ring mail.
  1162 | D:1      | 1162 ||| READING scroll labelled XIOZXE BUTATRENA.
  1163 | D:1      | 1163 ||| READING scroll labelled HOESHU PUTAHET.
  1164 | D:1      | 1164 ||| READING scroll labelled RAELIR VIXUOGRU.
  1165 | D:1      | 1165 ||| Stepping randomly (stuck).
  1166 | D:1      | 1166 ||| Stepping ~*~*~tactically~*~*~ (cloud).
  1168 | D:1      | HP: 7/31 [poisoned by you (poison gas)]
  1171 | D:1      | HP: 3/31 [poisoned by you (poison gas)]
  1174 | D:1      | HP: 1/31 [poisoned by you (poison gas)]
  1175 | D:1      | Succumbed to their own poison gas

Levels and vault maps discovered:
D:1:      minmay_arrival_loop, layout_basic, ebering_ecumenical_altar_abandoned,
          minmay_misc_feat_tiny, st_stairs_12

Skill      XL: |  1  2 |
---------------+-------+-----
Axes           | 4 5 |  5.2
Fighting       | |  3.6
Armour         | |  2.4
Dodging        | |  2.1

Action                   || total
-------------------------++-------
Melee: Hand axe          ||    48
       Headbutt          ||     8
Invok: Berserk           ||     1
  Use: Scroll            ||     3
Armor: Animal skin       ||     3
Dodge: Dodged            ||    32

Table legend:
 A = Non-vault XP
 B = Vault XP
 C = Vault XP percentage of total XP
 D = Non-vault monster count
 E = Vault monster count
 F = Vault count percentage of total count
                 A         B        C        D         E       F
            +---------+---------+-------+---------+---------+-------
      Total |      46 |       1 |   2.1 |      20 |       1 |   4.8
            +---------+---------+-------+---------+---------+-------
        D:1 |      46 |       1 |   2.1 |      20 |       1 |   4.8
            +---------+---------+-------+---------+---------+-------
